 Dungeon Crawl Stone Soup version 0.22-a0-512-g0943f25 (webtiles) character file.

86 Curus the Cudgeler (level 4, -10/39 HPs)
             Began as a Minotaur Fighter on June 18, 2018.
             Was a Follower of Uskayaw.
             Mangled by an ogre
             ... wielding a +0 giant spiked club
              (20 damage)
             ... on level 2 of the Dungeon.
             The game lasted 00:08:14 (1158 turns).

Curus the Cudgeler (Minotaur Fighter)               Turns: 1158, Time: 00:08:15

Health: -10/39     AC:  8    Str: 21    XL:     4   Next: 26%
Magic:  3/3        EV:  5    Int:  6    God:    Uskayaw [*.....]
Gold:   62         SH:  9    Dex:  9    Spells: 3/3 levels left

rFire    . . .     SeeInvis .   a - +2 flail
rCold    . . .     Gourm    .   c - +0 shield
rNeg     + . .     Faith    .   e - +0 chain mail
rPois    .         Spirit   .   (helmet restricted)
rElec    .         Reflect  .   (no cloak)
rCorr    .         Harm     .   (no gloves)
MR       .....                  g - -2 pair of boots (curse)
Stlth    ..........             (no amulet)
HPRegen  0.13/turn              h - ring of positive energy
MPRegen  0.08/turn              (no ring)

@: no status effects
A: retaliatory headbutt, horns 2
a: Stomp, Renounce Religion


You were on level 2 of the Dungeon.
You worshipped Uskayaw.
Uskayaw was noncommittal.
You were not hungry.

You visited 1 branch of the dungeon, and saw 2 of its levels.

You collected 62 gold pieces.

Inventory:

Hand Weapons
 a - a +2 flail (weapon)
Armour
 b - a +0 scale mail
 c - a +0 shield (worn)
 e - a +0 chain mail (worn)
 g - a cursed -2 pair of boots (worn)
Jewellery
 h - a ring of positive energy (left hand)
Scrolls
 i - 3 scrolls of identify
 j - a scroll of fog
Potions
 d - a potion of might
Comestibles
 f - 2 rations
 k - a chunk of flesh


   Skills:
 - Level 3.6 Fighting
 + Level 5.5 Maces & Flails
 - Level 3.6 Armour
 - Level 3.6 Shields


You had 3 spell levels left.
You didn't know any spells.
Your spell library was empty.

Dungeon Overview and Level Annotations

Branches:
Dungeon (2/15)

Altars:
Gozag
Sif Muna
Uskayaw
Wu Jian
Xom
Zin
The Shining One


Innate Abilities, Weirdness & Mutations

You reflexively headbutt those who attack you in melee.
You have a pair of horns on your head.


Message History

A hobgoblin comes into view.
The hobgoblin hits you but does no damage.
You barely miss the hobgoblin.
You kill the hobgoblin!
Found 18 stones.
An ogre comes into view. It is wielding a giant spiked club.
A hobgoblin comes into view.
Your chain mail prevents you from hitting the ogre.
The ogre hits you with a giant spiked club!!
Ouch! That really hurt!
* * * LOW HITPOINT WARNING * * *
You hit the ogre.
The ogre is lightly wounded.
You block the ogre's attack.
You sock the ogre! You headbutt the ogre!
The ogre is severely wounded.
The hobgoblin hits you but does no damage.
The ogre hits you with a giant spiked club!!
Ouch! That really hurt!
You die...

...##...#.#
...##...#.#######
........#(#.....#####
........#.#..........
#.......#........#.
####.............# #
#........##.#.#.#
#...#....##.#.#.###.#
....#########..@O.....#
..... #...g..#..# .....
..............# ...##
.......####...# .##
........# ..# ........#
.. ######### #


You could see an ogre and a hobgoblin.

Vanquished Creatures
  A hound skeleton (D:2)
  3 adders (D:2)
  3 worms (D:2)
  A dart slug (D:2)
  A leopard gecko (D:1)
  4 giant cockroaches
  A goblin (D:2)
  3 hobgoblins
  5 kobolds
  A quokka (D:2)
  5 bats
  3 frilled lizards
  6 rats
37 creatures vanquished.

Notes
Turn   | Place    | Note
-------+----------+-------------------------------------------
     0 | D:1      | Curus the Minotaur Fighter began the quest for the Orb.
     0 | D:1      | Reached XP level 1. HP: 19/19 MP: 0/0
   163 | D:1      | Reached skill level 3 in Maces & Flails
   247 | D:1      | Reached XP level 2. HP: 26/26 MP: 1/1
   504 | D:2      | Reached skill level 4 in Maces & Flails
   670 | D:2      | Found a glowing silver altar of Zin.
   673 | D:2      | Reached XP level 3. HP: 30/31 MP: 2/2
   686 | D:2      | Found an opulent altar of Gozag.
   687 | D:2      | Found a shimmering altar of Xom.
   688 | D:2      | Found a glowing golden altar of the Shining One.
   688 | D:2      | Found a hide-covered altar of Uskayaw.
   696 | D:2      | Found a deep blue altar of Sif Muna.
   703 | D:2      | Became a worshipper of Uskayaw the Reveler
   721 | D:2      | Found an ornate altar of the Wu Jian Council.
   726 | D:2      | Reached * piety under Uskayaw
   743 | D:2      | Reached skill level 5 in Maces & Flails
  1015 | D:2      | Reached ** piety under Uskayaw
  1018 | D:2      | Reached XP level 4. HP: 39/39 MP: 3/3
  1152 | D:2      | Noticed an ogre
  1158 | D:2      | Mangled by an ogre

Vault maps used:
D:1:      lightli_arrival_quake, minivault_11
D:2:      old_standard_altar, grunt_temple_overflow_open, uniq_jessica

Skill      XL: |  1  2  3 |
---------------+----------+-----
Maces & Flails | 3 4 5 |  5.5
Fighting       | |  3.6
Armour         | |  3.6
Shields        | |  3.6

Action                   |  1- 3 |  4- 6 || total
-------------------------+-------+-------++-------
Melee: Flail             |    81 |    16 ||    97
       Headbutt          |    14 |     3 ||    17
  Use: Scroll            |     4 |     1 ||     5
       Potion            |     2 |       ||     2
  Eat: Chunk             |       |     1 ||     1
Armor: Scale mail        |     9 |       ||     9
       Chain mail        |    24 |     6 ||    30
Dodge: Dodged            |    17 |     3 ||    20
Block: Shield            |    31 |     1 ||    32

Table legend:
 A = Spawn XP
 B = Non-spawn XP
 C = Spawn XP percentage of total XP
 D = Spawn monster count
 E = Non-spawn monster count
 F = Spawn count percentage of total count
 G = Total turns spent on level
                    A         B        C        D         E        F      G
               +---------+---------+-------+---------+---------+-------+---------
         Total |       0 |     123 |   0.0 |       0 |      37 |   0.0 |  1158
               +---------+---------+-------+---------+---------+-------+---------
           D:1 |       0 |      24 |   0.0 |       0 |      14 |   0.0 |   496
           D:2 |       0 |      99 |   0.0 |       0 |      23 |   0.0 |   662
               +---------+---------+-------+---------+---------+-------+---------
